 Dungeon Crawl Stone Soup version 0.30-a0-672-gc3a7216ad8 (webtiles) character file.

Game seed: 6042964638338402508

381 lunkers the Cleaver (level 7, -9/57 HPs)
             Began as a Meteoran Fighter on Jan 18, 2023.
             Mangled by a mummy (13 damage)
             ... in an ossuary.
             The game lasted 00:02:44 (1231 turns).

lunkers the Cleaver (Meteoran Fighter)              Turns: 1231, Time: 00:02:45

Health: -9/57      AC:  9    Str: 20    XL:     7   Next: 26%
Magic:  8/8        EV:  9    Int:  9    God:
Gold:   120        SH:  5    Dex: 14    Spells: 6/6 levels left

rFire   . . .      SeeInvis .    a - +0 war axe
rCold   . . .      Faith    .    c - +0 buckler
rNeg    . . .      Spirit   .    b - +0 scale mail
rPois   .          Reflect  .    n - +0 helmet
rElec   .          Harm     .    u - +0 cloak
rCorr   .          Rampage  .    (no gloves)
Will    .....                    (no boots) Stlth
                                 (no amulet)
HPRegen 0.29/turn                (no ring)
MPRegen 0.11/turn                (no ring)

@: glowing
A: sense surroundings 1, otherworldly, glowing, explore regen
a: no special abilities


You were in an ossuary.
You visited 1 branch of the dungeon, and saw 4 of its levels.
You also visited: Ossuary.

You collected 120 gold pieces.

Inventory:

Hand Weapons
 a - a +0 war axe (weapon)
 g - a +0 vampiric hand axe
 s - a +0 executioner's axe
Armour
 b - a +0 scale mail (worn)
 c - a +0 buckler (worn)
 n - a +0 helmet (worn)
 u - a +0 cloak (worn)
Jewellery
 w - a ring of fire
Wands
 v - a wand of paralysis (5)
Scrolls
 e - a scroll of identify {unknown}
 f - a scroll of enchant weapon {unknown}
 i - a scroll of fear {unknown}
 j - a scroll of magic mapping {unknown}
 k - a scroll of immolation {unknown}
 p - 2 scrolls of teleportation {unknown}
 t - a scroll of blinking {unknown}
Potions
 d - 2 potions of might
 h - a potion of brilliance {unknown}
 l - a potion of resistance
 m - a potion of haste {unknown}
 o - a potion of ambrosia {unknown}
 q - a potion of degeneration {unknown}
 r - a potion of berserk rage {unknown}


   Skills:
 - Level 3.2 Fighting
 + Level 8.4 Axes
 - Level 3.6 Armour
 - Level 3.6 Shields


You had 6 spell levels left.
You didn't know any spells.
Your spell library contained the following spells:

 Spells                   Type           Power      Damage    Failure   Level
 Freezing Cloud           Conj/Ice/Air   0%         6-21      100%        5
 Simulacrum               Ice/Necr       0%         N/A       100%        6
 Polar Vortex             Ice            0%         N/A       100%        9


Dungeon Overview and Level Annotations

Branches:
Dungeon (4/15) Zot: 1172  Ossuary (1/1) Zot: 530
 Temple: D:4-7

Altars:
Fedhas
Wu Jian


Innate Abilities, Weirdness & Mutations

You passively map a small area around you.
You are easily found by Zot.
You glow in the dark.
You regain HP and MP as you explore.


Message History

The mummy is heavily damaged.
You hit the mummy but do no damage.
The mummy is heavily damaged.
The mummy hits you.
* * * LOW HITPOINT WARNING * * *
The bullfrog zombie hits you.
* * * LOW HITPOINT WARNING * * *
You slash the mummy!
You destroy the mummy!
You hit the bullfrog zombie.
The bullfrog zombie hits you but does no damage.
You slash the bullfrog zombie!
The bullfrog zombie is moderately damaged.
You block the bullfrog zombie's attack.
The bullfrog zombie hits you but does no damage.
You barely miss the bullfrog zombie.
The bullfrog zombie is moderately damaged.
The bullfrog zombie hits you.
* * * LOW HITPOINT WARNING * * *
You slash the bullfrog zombie!
The bullfrog zombie is heavily damaged.
The bullfrog zombie hits you.
* * * LOW HITPOINT WARNING * * *
The bullfrog zombie hits you but does no damage.
You barely miss the bullfrog zombie.
The bullfrog zombie is heavily damaged.
The bullfrog zombie misses you.
You barely miss the bullfrog zombie.
The bullfrog zombie is heavily damaged.
The bullfrog zombie barely misses you. x2
You slash the bullfrog zombie!
The bullfrog zombie is severely damaged.
The bullfrog zombie barely misses you.
You slash the bullfrog zombie!
You destroy the bullfrog zombie!
You closely miss the mummy. You slash the mummy!
The mummy is heavily damaged.
The mummy hits you!
You die...

~*~ , , , * ~ , ~* ,
,, , ~ * * , ~ *
*,##### ##### * ~ ,
#..∩#,#!??#,' ~#.∩.#
#!!!# *## * #...#
#@??#~~.# ~
#≈#~##'##+##M##~≈##
*
≈~P~~~Z~~..~~~.~~~.#
*
#~#~~#~#+#~#~#~~~~##
##P~. P~P#P~.~P##
#~~###~#~##≈≈~# #≈≈#
#≈≈≈#≈#≈≈# #≈#
**≈#≈≈## ### ~ ≈≈
≈###≈≈


You could see a mummy.

Vanquished Creatures
  A wyvern zombie (Ossuary)
  A bullfrog zombie (Ossuary)
  A centaur zombie (Ossuary)
  A jelly (D:4)
  3 iguanas (D:4)
  3 mummies (Ossuary)
  Robin (D:2)
  3 adders
  A worm (D:2)
  5 orcs
  5 ball pythons
  5 endoplasms
  2 giant cockroaches
  9 goblins
  7 hobgoblins
  4 jackals
  2 quokkas (D:2)
  9 bats
  4 frilled lizards
  A kobold (D:2)
  4 rats
72 creatures vanquished.

Vanquished Creatures (others)
  3 withered plants (Ossuary)
3 creatures vanquished.

Grand Total: 75 creatures vanquished

Notes
Turn   | Place    | Note
-------+----------+-------------------------------------------
     0 | D:1      | lunkers the Meteoran Fighter began the quest for the Orb.
     0 | D:1      | Reached XP level 1. HP: 19/19 MP: 2/2
    20 | D:1      | Reached skill level 3 in Axes
    20 | D:1      | Reached XP level 2. HP: 19/26 MP: 3/3
    89 | D:1      | You fall into a shaft and drop 1 floor!
   128 | D:2      | Reached XP level 3. HP: 29/31 MP: 4/4
   152 | D:2      | Found an ornate altar of the Wu Jian Council.
   159 | D:2      | Reached skill level 4 in Axes
   300 | D:2      | Reached XP level 4. HP: 38/38 MP: 5/5
   307 | D:2      | Noticed Robin
   318 | D:2      | Killed Robin
   319 | D:2      | Reached skill level 5 in Axes
   555 | D:3      | Reached XP level 5. HP: 44/45 MP: 6/6
   692 | D:3      | Found a blossoming altar of Fedhas.
   935 | D:4      | Reached skill level 6 in Axes
  1029 | D:4      | Reached XP level 6. HP: 51/51 MP: 7/7
  1126 | D:4      | Reached skill level 7 in Axes
  1141 | D:4      | Found a sand-covered staircase.
  1171 | Ossuary  | Entered an ossuary
  1204 | Ossuary  | Reached skill level 8 in Axes
  1204 | Ossuary  | Reached XP level 7. HP: 6/57 MP: 8/8
  1224 | Ossuary  | HP: 2/57 [bullfrog zombie (2)]
  1231 | Ossuary  | Mangled by a mummy

Illustrated notes

Levels and vault maps discovered:
D:1:      minmay_arrival_diagonal_passages, layout_rooms,
          minmay_misc_feat_plants
D:2:      layout_loops_ring, basic_altar, minivault_11, uniq_robin
D:3:      cheibrodos_helix_gallery, layout_loops_ring,
          mainiacjoe_overflow_alcove_4, serial_shops, shop_statue, minivault_27,
          minmay_cut_off
D:4:      layout_gridville, nicolae_ossuary_entry_ruins
Ossuary:  ossuary_zaba_flooded

Skill      XL: |  1  2  3  4  5  6 |
---------------+-------------------+-----
Axes           | 3 4 5 6 8 |  8.4
Fighting       | |  3.2
Armour         | |  3.6
Shields        | |  3.6

Action                   |  1- 3 |  4- 6 |  7- 9 || total
-------------------------+-------+-------+-------++-------
Melee: War axe           |    71 |   142 |    21 ||   234
Armor: Scale mail        |    45 |    74 |     4 ||   123
Dodge: Dodged            |    44 |    61 |     6 ||   111
Block: Buckler           |    21 |    38 |     2 ||    61

Table legend: (Time is in decaauts)
 A = Elapsed time spent in this place.
 B = Non-inter-level travel time spent in this place.
 C = Inter-level travel time spent in this place.
 D = Time resting spent in this place.
 E = Time spent auto-exploring this place.
 F = Levels seen in this place.
 G = Mean time per level.
                   A        B        C        D        E       F      G
               +--------+--------+--------+--------+--------+-----+--------+
         Total |   1296 |   1264 |     32 |      0 |    733 |   5 |  259.2 |
       Dungeon |   1227 |   1195 |     32 |      0 |    730 |   4 |  306.8 |
       Ossuary |     68 |     68 |      0 |      0 |      3 |   1 |   68.0 |
               +--------+--------+--------+--------+--------+-----+--------+

Top non-repeatable levels by time:
     D:3: 479 daAuts
     D:2: 397 daAuts
     D:4: 256 daAuts
     D:1: 94 daAuts
 Ossuary: 68 daAuts
